 Dungeon Crawl Stone Soup version 0.16.2-12-gd0ad4c3 (webtiles) character file.

116 faibistes the Magician (level 4, 0/24 HPs)
             Began as a Deep Elf Wizard on Feb 14, 2019.
             Killed by nerve-wracking pain
             ... invoked by an orc priest
              (9 damage)
             ... on level 3 of the Dungeon.
             The game lasted 00:07:01 (2779 turns).

faibistes the Magician (Deep Elf Wizard)            Turns: 2779, Time: 00:07:02

Health: 0/24       AC:  4    Str:  4    XL:     4   Next: 69%
Magic:  5/18       EV: 18    Int: 24    God:
Gold:   38         SH:  0    Dex: 13    Spells: 6 memorised, 1 level left

rFire  + . .     SeeInvis .     o - +0 short sword (holy)
rCold  . . .     Clarity  .     a - +0 robe
rNeg   . . .     SustAb   .     (no shield)
rPois  .         Gourm    .     b - +0 hat
rElec  .         Spirit   .     g - +0 cloak
rCorr  .         Warding  .     y - +0 pair of gloves
rMut   .         Stasis   .     (no boots)
MR     .....                    (no amulet)
Stlth  ++........               t - +5 ring of evasion
                                j - ring of protection from fire

@: very slightly contaminated, repel missiles, not resistant to hostile
enchantments, unstealthy
A: no striking features
a: no special abilities


You were on level 3 of the Dungeon.
You were not hungry.

You visited 1 branch of the dungeon, and saw 4 of its levels.

You collected 38 gold pieces.

Inventory:

Hand weapons
 f - a +0 club
 h - a +0 short sword
 o - a +0 short sword of holy wrath (weapon)
Armour
 a - a +0 robe (worn)
 b - a +0 hat (worn)
 g - a +0 cloak (worn)
 y - a +0 pair of gloves (worn)
Jewellery
 j - a ring of protection from fire (left hand)
 q - an uncursed ring of sustain abilities
 t - a +5 ring of evasion (right hand)
 x - an uncursed ring of teleport control
Scrolls
 k - a scroll of recharging {unknown}
 l - a scroll of teleportation {unknown}
 m - 2 scrolls of remove curse {unknown}
 p - a scroll of fog {unknown}
 s - a scroll of identify {unknown}
 u - a scroll of immolation {unknown}
 v - a scroll of magic mapping {unknown}
 w - a scroll of fear {unknown}
 A - a scroll of noise {unknown}
Potions
 e - 2 potions of heal wounds {unknown}
 i - a potion of beneficial mutation {unknown}
 n - 2 potions of curing {unknown}
Books
 c - a book of Minor Magic

   Spells                             Type                      Level
   a - Magic Dart                     Conjuration                  1
   b - Blink                          Translocation                2
   c - Call Imp                       Summoning                    2
   d - Repel Missiles                 Charms/Air                   2
   e - Slow                           Hexes                        2
   f - Conjure Flame                  Conjuration/Fire             3
   g - Mephitic Cloud                 Conjuration/Poison/Air       3
Comestibles
 d - 3 bread rations
 r - 3 fruits


   Skills:
 + Level 3.2 Dodging
 - Level 2.4 Stealth
 * Level 5.9 Spellcasting
 * Level 3.2 Conjurations
 - Level 1.1 Summonings
 - Level 1.1 Translocations


You had one spell level left.
You knew the following spells:

 Your Spells              Type           Power        Failure   Level  Hunger
a - Magic Dart            Conj           ###.         1%          1    None
b - Conjure Flame         Conj/Fire      ##......     14%         3    #......
c - Call Imp              Summ           ##......     10%         2    None
d - Blink                 Tloc           N/A          10%         2    None
e - Mephitic Cloud        Conj/Pois/Air  ##......     17%         3    #......
f - Repel Missiles        Chrm/Air       #.....       14%         2    None


Dungeon Overview and Level Annotations

Branches:
Dungeon (4/15)
 Temple: D:4-7

Altars:
Cheibriados
Vehumet


Message History

Things that are here:
a hand axe; a leather armour; a chunk of flesh Eat a chunk of flesh? (ye/n/q/i?) This raw flesh tastes terrible.
Your iron imp disappears in a puff of smoke!
Your shadow imp hits the orc priest but does no damage.
You continue eating. x2
The orc priest seems less confused.
Your shadow imp closely misses the orc priest.
You start resting.
Casting: Call Imp
Confirm with . or Enter, or press ? or * to list all spells.
Aiming: Mephitic Cloud
Press: ? - help, Shift-Dir - straight line, p - orc priest You miscast Mephitic Cloud.
You are very lightly contaminated with residual magic.
Nothing appears to happen.
The orc priest invokes the aid of Beogh against you.
Pain shoots through your body!
You die...

### #.# #.. #.#
# #.# .# #.#
#####.### #@#
#........ #.#
#.....!
#.#####?..#
######......>..#
#....).)....(..#
#.......o5.....#
#...).....o....#
############...#
#.......##.....#


You could see an orc priest.

Vanquished Creatures
  An adder (D:2)
  2 worms (D:2)
  An ooze (D:2)
  5 orcs (D:3)
  A ball python (D:2)
  7 goblins
  8 hobgoblins
  3 jackals (D:2)
  11 kobolds
  A quokka (D:2)
  8 bats
  5 giant cockroaches
  A giant gecko (D:1)
  2 giant newts
  6 rats
62 creatures vanquished.

Vanquished Creatures (collateral kills)
  An orc priest (D:3)
  2 orcs (D:3)
3 creatures vanquished.

Grand Total: 65 creatures vanquished

Notes
Turn   | Place    | Note
--------------------------------------------------------------
     0 | D:1      | faibistes, the Deep Elf Wizard, began the quest for the Orb.
     0 | D:1      | Reached XP level 1. HP: 10/10 MP: 6/6
   754 | D:1      | Reached XP level 2. HP: 15/15 MP: 8/10
   760 | D:1      | Learned a level 2 spell: Blink
   763 | D:1      | Learned a level 2 spell: Call Imp
  1199 | D:1      | Reached skill level 5 in Spellcasting
  1389 | D:1      | Reached XP level 3. HP: 19/19 MP: 10/14
  1397 | D:1      | Learned a level 3 spell: Conjure Flame
  1401 | D:1      | Learned a level 3 spell: Mephitic Cloud
  1470 | D:1      | You fall through a shaft!
  1620 | D:2      | Found a radiant altar of Vehumet.
  1659 | D:2      | Found a snail-covered altar of Cheibriados.
  2230 | D:2      | Reached XP level 4. HP: 24/24 MP: 14/17
  2263 | D:2      | Learned a level 2 spell: Repel Missiles
  2779 | D:3      | Killed from afar by an orc priest

Action                   |  1- 3 |  4- 6 || total
-------------------------+-------+-------++-------
Melee: Club              |     1 |       ||     1
       Short sword       |       |    19 ||    19
 Cast: Magic Dart        |   127 |    21 ||   148
       Mephitic Cloud    |       |     5 ||     5
       Call Imp          |       |     2 ||     2
       Blink             |       |     1 ||     1
       Repel Missiles    |       |     1 ||     1
 Stab: Confused          |       |     4 ||     4
  Eat: Chunk             |     4 |     2 ||     6
